 Dungeon Crawl Stone Soup version 0.20-a0-967-g62cfa5d (webtiles) character file.

679 Lifeless the Chopper (level 7, 0/55 HPs)
             Began as a Demonspawn Berserker on Apr 7, 2017.
             Was a Believer of Trog.
             Succumbed to Dowan's poison
             ... on level 5 of the Dungeon.
             The game lasted 00:16:21 (4861 turns).

Lifeless the Chopper (Demonspawn Berserker)         Turns: 4861, Time: 00:16:22

Health: 0/55       AC: 13    Str: 19    XL:     7   Next: 34%
Magic:  2/7        EV:  9    Int: 13    God:    Trog [**....]
Gold:   126        SH:  0    Dex: 13    Spells: 6/6 levels left

rFire    + . .     SeeInvis .   d - +0 war axe
rCold    + . .     Gourm    .   (no shield)
rNeg     . . .     Faith    .   h - +0 chain mail
rPois    +         Spirit   +   (no helmet)
rElec    +         Reflect  .   b - +0 cloak
rCorr    +         Harm     .   (no gloves)
MR       ++...                  q - +0 pair of boots
Stlth    ..........             (no amulet)
Regen    1.2/turn               e - ring of resist corrosion
MPRegen  0.1/turn               v - +5 ring of intelligence

@: lethally poisoned (0 -> -3), resistant, regenerating
A: hooves 2, slimy green scales 1, magic shield
a: Berserk, Trog's Hand, Burn Spellbooks, Renounce Religion


You were on level 5 of the Dungeon.
You worshipped Trog.
Trog was pleased with you.
You were very hungry.

You visited 1 branch of the dungeon, and saw 5 of its levels.

You collected 126 gold pieces.

Inventory:

Hand Weapons
 d - a +0 war axe (weapon)
Armour
 b - a +0 cloak (worn)
 h - a +0 chain mail (worn)
 q - a +0 pair of boots (worn)
Jewellery
 e - a ring of resist corrosion (left hand)
 v - a +5 ring of intelligence (right hand)
Wands
 i - a wand of polymorph (4/24)
Scrolls
 k - a scroll of teleportation {unknown}
 m - a scroll of fog {unknown}
 n - a scroll of recharging {unknown}
 p - 2 scrolls of remove curse
 r - 2 scrolls of enchant weapon {unknown}
 t - a scroll of fear {unknown}
Potions
 s - a potion of curing {unknown}
Comestibles
 a - 3 chunks of flesh
 c - 5 bread rations
 g - 2 meat rations
 o - a fruit


   Skills:
 + Level 4.7 Fighting
 * Level 5.4 Axes
 + Level 3.6 Armour
 + Level 3.4 Dodging


You had 6 spell levels left.
You didn't know any spells.

Dungeon Overview and Level Annotations

Branches:
Dungeon (5/15)
 Temple: D:4-7

Altars:
Okawaru
Ru

Annotations:
D:5 Dowan


Innate Abilities, Weirdness & Mutations

You have hoof-like feet.
You are partially covered in slimy green scales. (AC +2)
When hurt, damage is shared between your health and your magic reserves.


Message History

You are feeling very hungry.
You feel sick.
Dowan says, "Her death will not be in vain!"
Dowan hits you but does no damage.
You barely miss Dowan.
Dowan is moderately wounded.
* * * LOW HITPOINT WARNING * * *
You feel very sick.
Dowan mumbles some strange words.
Dowan blinks!
You feel sick.
Dowan points at you and mumbles some strange words.
The stone arrow hits you!
* * * LOW HITPOINT WARNING * * *
* * * LOW HITPOINT WARNING * * *
You feel sick.
Dowan casts a spell.
Dowan blinks!
You feel less exhausted.
You die...

#.# # # .######.##.#
# ...........# #
#######†######## #
#..........#.. #
###.###.####.#.#
.........# #.#.#
###.###.####.#.#####
..........##@#.#...##
..>.....#.##.#...#..#
###.###.#.........# #
#.#...§)#.#.#.#.
#.#.##.#.........
#.#.##.##.##+##.#
#.#.##.#..#
...)...##.+ #.####..#


There were no monsters in sight!

Vanquished Creatures
  Duvessa (D:5)
  A phantom (D:4)
  A howler monkey (D:5)
  A hound (D:5)
  An orc priest (D:4)
  3 orc wizards
  Ijyb (D:3)
  Natasha (thrice) (D:3)
  An iguana (D:5)
  3 worker ants
  5 adders
  3 worms
  A leopard gecko (D:2)
  8 orcs
  A ball python (D:2)
  3 bats
  3 giant cockroaches
  4 hobgoblins
  2 jackals (D:1)
  A quokka (D:4)
  4 frilled lizards
  4 goblins
  A jackal skeleton (D:4)
  6 kobolds
  2 quokka skeletons
  3 rats
67 creatures vanquished.

Notes
Turn   | Place    | Note
-------+----------+-------------------------------------------
     0 | D:1      | Lifeless the Demonspawn Berserker began the quest for the Orb.
     0 | D:1      | Reached XP level 1. HP: 18/18 MP: 1/1
     7 | D:1      | Noticed a merfolk zombie
    10 | D:1      | Noticed a merfolk zombie
    16 | D:1      | Noticed a minotaur zombie
   747 | D:1      | Gained mutation: You have large cloven feet. [demonic ancestry]
   747 | D:1      | Reached XP level 2. HP: 24/24 MP: 2/2
   932 | D:2      | Reached skill level 3 in Axes
  1098 | D:2      | Found a sacrificial altar of Ru.
  1116 | D:2      | Reached XP level 3. HP: 28/29 MP: 3/3
  1232 | D:2      | Reached XP level 4. HP: 31/36 MP: 4/4
  1793 | D:3      | Noticed Natasha
  1815 | D:3      | Killed Natasha
  2066 | D:3      | Reached skill level 4 in Axes
  2134 | D:3      | Reached ** piety under Trog
  2150 | D:3      | Noticed Ijyb
  2167 | D:3      | Gained mutation: When hurt, damage is shared between your health and your magic reserves. [demonic ancestry]
  2167 | D:3      | Reached XP level 5. HP: 42/42 MP: 5/5
  2173 | D:3      | Killed Ijyb
  2280 | D:3      | Noticed Natasha
  2293 | D:3      | Killed Natasha
  2444 | D:3      | Noticed Natasha
  2455 | D:3      | Killed Natasha
  3200 | D:4      | Gained mutation: You have hoof-like feet. [demonic ancestry]
  3200 | D:4      | Reached XP level 6. HP: 31/48 MP: 4/6
  4109 | D:4      | Found an iron altar of Okawaru.
  4447 | D:4      | Reached skill level 5 in Axes
  4630 | D:5      | Entered Level 5 of the Dungeon
  4702 | D:5      | Gained mutation: You are partially covered in slimy green scales. (AC +2) [demonic ancestry]
  4702 | D:5      | Reached XP level 7. HP: 53/55 MP: 7/7
  4809 | D:5      | Noticed Duvessa
  4809 | D:5      | Noticed Dowan
  4822 | D:5      | Killed Duvessa
  4822 | D:5      | Reached *** piety under Trog
  4838 | D:5      | HP: 2/55 [poisoned by Dowan]
  4859 | D:5      | HP: 1/55 [Dowan/stone arrow (4)]
  4861 | D:5      | Succumbed to Dowan's poison

Vault maps used:
D:1:      shiori_arrival_whats_in_store_for_you
D:2:      nicolae_ru_great_annihilating_truth
D:3:      uniq_iyjb, uniq_natasha
D:4:      okawaru_gym_becter
D:5:      first_bread, minmay_misc_feat_doors, uniq_duvessa

Skill      XL: |  1  2  3  4  5  6 |
---------------+-------------------+-----
Armour         | 2 3 |  3.6
Axes           | 3 4 5 |  5.4
Dodging        | 2 3 |  3.4
Fighting       | 4 |  4.7

Action                   |  1- 3 |  4- 6 |  7- 9 || total
-------------------------+-------+-------+-------++-------
Melee: Hand axe          |    62 |   277 |       ||   339
       Kick              |     9 |    52 |       ||    61
       War axe           |       |    16 |    32 ||    48
Invok: Berserk           |       |     2 |     1 ||     3
       Burn Spellbooks   |       |       |     1 ||     1
       Trog's Hand       |       |       |     1 ||     1
  Use: Scroll            |       |     4 |       ||     4
       Potion            |       |       |     3 ||     3
 Stab: Invisible         |     1 |       |       ||     1
       Paralysed         |     1 |       |       ||     1
  Eat: Chunk             |       |    12 |     1 ||    13
       Fruit             |       |     2 |       ||     2
Armor: Animal skin       |     7 |       |       ||     7
       Chain mail        |     4 |   135 |    20 ||   159
Dodge: Dodged            |    30 |   101 |    18 ||   149
